 Dungeon Crawl Stone Soup version 0.30-a0-916-g9813417 (webtiles) character file.

Game seed: 2791726619358881928

72 Think the Ducker (level 4, -3/31 HPs)
             Began as an Octopode Fighter on Mar 21, 2023.
             Slain by a gnoll
             ... wielding a +0 halberd
              (8 damage)
             ... on level 3 of the Dungeon.
             The game lasted 00:04:50 (1762 turns).

Think the Ducker (Octopode Fighter)                 Turns: 1762, Time: 00:04:50

Health: -3/31      AC:  1    Str: 15    XL:     4   Next: 25%
Magic:  0/4        EV: 14    Int: 10    God:
Gold:   58         SH:  4    Dex: 13    Spells: 3/3 levels left

rFire   . . .      SeeInvis .    l - +1 dagger (vamp)
rCold   . . .      Faith    .    b - +0 buckler
rNeg    . . .      Spirit   +    (helmet restricted)
rPois   .          Reflect  .    e - amulet of guardian spirit
rElec   .          Rampage  .    (no ring)
rCorr   .                        (no ring)
Will    .....                    (no ring)
Stlth   ++                       (no ring)
HPRegen 0.25/turn                (no ring)
MPRegen 0.09/turn                (no ring)
                                 (no ring)
                                 (no ring)

@: no status effects
A: almost no armour, amphibious, 8 rings, camouflage 1, gelatinous body 1,
(nimble swimmer 1), tentacles
a: no special abilities


You were on level 3 of the Dungeon.
You visited 1 branch of the dungeon, and saw 3 of its levels.

You collected 58 gold pieces.

Inventory:

Hand Weapons
 a - a +0 long sword
 l - a +1 vampiric dagger (weapon)
Armour
 b - a +0 buckler (worn)
Jewellery
 e - an amulet of guardian spirit (around mantle)
Scrolls
 d - a scroll of identify {unknown}
 g - a scroll of immolation {unknown}
 h - a scroll of noise
 k - a scroll of summoning {unknown}
 m - a scroll of fog {unknown}
Potions
 c - a potion of might
 f - a potion of mutation {unknown}
 i - a potion of berserk rage {unknown}
 j - a potion of haste {unknown}
 n - a potion of degeneration {unknown}


   Skills:
 - Level 3.0 Fighting
 - Level 2.0 Long Blades
 + Level 5.0 Dodging
 - Level 3.0 Shields


You had 3 spell levels left.
You didn't know any spells.
Your spell library contained the following spells:

 Spells                   Type           Power      Damage    Failure   Level
 Kiss of Death            Conj/Necr      0%         2d5       45%         1
 Alistair's Intoxication  Tmut/Pois      0%         N/A       100%        5
 Borgnjor's Vile Clutch   Necr/Erth      0%         N/A       100%        5
 Eringya's Noxious Bog    Tmut/Pois      0%         N/A       100%        6
 Fire Storm               Conj/Fire      0%         5d1       100%        9


Dungeon Overview and Level Annotations

Branches:
Dungeon (3/15)

Altars:

Shops:
D:2 *


Innate Abilities, Weirdness & Mutations

You cannot wear most types of armour.
You are amphibious.
You can wear up to eight rings at the same time.
Your skin changes colour to match your surroundings (Stealth+).
Your rubbery body absorbs attacks. (AC +1, EV +1)
((You are camouflaged when in or above water. (Stealth+)))
You have tentacles for arms and can constrict up to eight enemies at once.


Message History

Unknown command.
A giant cockroach comes into view.
The giant cockroach moves out of view.
A hobgoblin comes into view.
Found 7 gold pieces.
Found a stone staircase leading down.
A hobgoblin is nearby!
A hobgoblin is nearby!
The hobgoblin shouts!
The hobgoblin completely misses you.
You hit the hobgoblin. You grab the hobgoblin.
You squeeze the hobgoblin, but do no damage.
The hobgoblin is heavily wounded.
You constrict the hobgoblin. You block the hobgoblin's attack.
You completely miss the hobgoblin.
The hobgoblin is almost dead.
You constrict the hobgoblin.
You kill the hobgoblin!
Your Dodging skill increases to level 5!
You now have 58 gold pieces (gained 7).
A gnoll comes into view. It is wielding a +0 halberd.
The gnoll shouts!
You hear a shout!
A gnoll comes into view. It is wielding a +0 halberd.
A gnoll comes into view. It is wielding a +0 flail.
The gnoll moves out of view.
You aren't carrying any items that you can evoke.
You don't know any spells.
Okay, then.
You swing at nothing.
You swing at nothing.
The gnoll barely misses you.
You swing at nothing.
The gnoll hits you from afar with a +0 halberd!
You swing at nothing.
The gnoll barely misses you.
The gnoll hits you from afar with a +0 halberd.
The gnoll hits you with a +0 halberd!
* * * LOW HITPOINT WARNING * * *
You hit the gnoll.
You feel better.
You grab the gnoll. You squeeze the gnoll!
The gnoll is almost dead.
You constrict the gnoll. The gnoll misses you.
The gnoll hits you with a +0 halberd!
You die...

#...# ###...### #####
#.......###...## ##
#..............#########.#
#.....>.##..........g...#
###...####......########.#
#...# ##..g.## .# ##.##
###g## g. #.# #@# .## #.#
#.# g. ####.## #+# #.
#.....# # #.##.##
###.#.#### #........#
#.#.......+ #..#...#.##


You could see 2 gnolls.

Vanquished Creatures
  An adder (D:2)
  4 dart slugs
  7 ball pythons
  2 endoplasms
  2 giant cockroaches
  4 hobgoblins
  6 jackals
  4 quokkas
  4 bats
  2 frilled lizards (D:1)
  4 goblins
  6 kobolds
  6 rats
52 creatures vanquished.

Notes
Turn   | Place    | Note
-------+----------+-------------------------------------------
     0 | D:1      | Think the Octopode Fighter began the quest for the Orb.
     0 | D:1      | Reached XP level 1. HP: 16/16 MP: 1/1
   157 | D:1      | Reached XP level 2. HP: 21/21 MP: 2/2
   397 | D:1      | Reached skill level 4 in Dodging
   443 | D:1      | Reached XP level 3. HP: 26/26 MP: 3/3
   859 | D:2      | Got the Spellbook of Loss
  1120 | D:2      | Found Karchaac's General Store.
  1431 | D:2      | Reached XP level 4. HP: 31/31 MP: 4/4
  1487 | D:2      | Found a faded altar of an unknown god.
  1722 | D:3      | Reached skill level 5 in Dodging
  1762 | D:3      | Slain by a gnoll

Illustrated notes

Levels and vault maps discovered:
D:1:      minmay_arrival_four_circles, layout_loops_ring
D:2:      layout_loops_cross, serial_shops, nicolae_shop_crystal,
          hellmonk_ecumenical_altar_inner_sanctum
D:3:      layout_loops_corners, evilmike_ruin_ashenzari,
          minmay_misc_feat_four_crosses, uniq_robin

Skill      XL: |  1  2  3  4 |
---------------+-------------+-----
Dodging        | 4 5 |  5.0
Fighting       | |  3.0
Long Blades    | |  2.0
Shields        | |  3.0

Action                     |  1- 3 |  4- 6 || total
---------------------------+-------+-------++-------
  Melee: Long sword        |    56 |       ||    56
         Constrict         |    21 |     5 ||    26
         Tentacles         |    14 |     2 ||    16
         Dagger            |    39 |    14 ||    53
    Use: Scroll            |       |     1 ||     1
   Stab: Sleeping          |     8 |       ||     8
 Armour: Skin              |     5 |       ||     5
  Dodge: Dodged            |    80 |    15 ||    95
  Block: Buckler           |    20 |     4 ||    24

Table legend: (Time is in decaauts)
 A = Elapsed time spent in this place.
 B = Non-inter-level travel time spent in this place.
 C = Inter-level travel time spent in this place.
 D = Time resting spent in this place.
 E = Time spent auto-exploring this place.
 F = Levels seen in this place.
 G = Mean time per level.
                   A        B        C        D        E       F      G
               +--------+--------+--------+--------+--------+-----+--------+
         Total |   1778 |   1743 |     35 |    106 |   1245 |   3 |  592.7 |
       Dungeon |   1778 |   1743 |     35 |    106 |   1245 |   3 |  592.7 |
               +--------+--------+--------+--------+--------+-----+--------+

Top non-repeatable levels by time:
     D:2: 846 daAuts
     D:1: 825 daAuts
     D:3: 106 daAuts
